 Dungeon Crawl Stone Soup version 0.29.1-1-gd02db6906a (webtiles) character file.

Game seed: 13860687368127168478

54 Aibolit the Slasher (level 3, -7/30 HPs)
             Began as a Minotaur Gladiator on Sept 21, 2022.
             Killed from afar by Ijyb (10 damage)
             ... with an iceblast
             ... on level 3 of the Dungeon.
             The game lasted 00:10:21 (1378 turns).

Aibolit the Slasher (Minotaur Gladiator)            Turns: 1378, Time: 00:10:21

Health: -7/30      AC:  6    Str: 20    XL:     3   Next: 66%
Magic:  2/2        EV: 11    Int:  5    God:
Gold:   123        SH:  0    Dex: 11    Spells: 2/2 levels left

rFire   . . .      SeeInvis .   a - +0 long sword
rCold   . . .      Faith    .   (no shield)
rNeg    . . .      Spirit   .   j - +0 scale mail
rPois   .          Reflect  .   c - +0 hat
rElec   .          Harm     .   (no cloak)
rCorr   .          Rampage  .   (no gloves)
Will    .....                   (no boots)
Stlth   ..........              (no amulet)
HPRegen 0.10/turn               (no ring)
MPRegen 0.08/turn               (no ring)

@: no status effects
A: horns 2, retaliatory headbutt
a: no special abilities


You were on level 3 of the Dungeon.
You visited 1 branch of the dungeon, and saw 3 of its levels.

You collected 123 gold pieces.

Inventory:

Hand Weapons
 a - a +0 long sword (weapon)
Missiles
 d - 3 throwing nets (quivered)
 e - a javelin
 g - 30 stones
 i - 6 poisoned darts
Armour
 c - a +0 hat (worn)
 j - a +0 scale mail (worn)
Scrolls
 b - 2 scrolls of vulnerability {unknown}
 h - 2 scrolls of summoning {unknown}
 k - 4 scrolls of identify {unknown}
 l - a scroll of silence {unknown}
 m - 2 scrolls of amnesia {unknown}
 n - a scroll of enchant weapon {unknown}
Potions
 f - a potion of degeneration {unknown}
 o - a potion of might {unknown}
 p - a potion of heal wounds {unknown}
 q - a potion of lignification {unknown}


   Skills:
 + Level 2.4 Fighting
 + Level 4.4 Long Blades
 + Level 2.3 Throwing
 + Level 1.3 Armour
 + Level 4.0 Dodging


You had 2 spell levels left.
You didn't know any spells.
Your spell library contained the following spells:

 Spells                   Type           Power      Damage    Failure   Level
 Ensorcelled Hibernation  Hex/Ice        0%         N/A       93%         2
 Passwall                 Tmut/Erth      0%         N/A       93%         2
 Swiftness                Air            0%         N/A       99%         3


Dungeon Overview and Level Annotations

Branches:
Dungeon (3/15)

Altars:

Annotations:
D:3 Ijyb


Innate Abilities, Weirdness & Mutations

You have a pair of horns on your head.
You reflexively headbutt those who attack you in melee.


Message History

The hobgoblin shouts!
You slash the hobgoblin!
You kill the hobgoblin!
No target in view!
No target in view!
There are no items here.
g - 30 stones (gained 4)
There are no items here.
q - a viscous brown potion
There are no items here.
An orc comes into view. It is wielding a +0 club.
There are no items here.
You see here 5 gold pieces.
The orc hits you but does no damage.
You barely miss the orc. The orc hits you but does no damage.
You hit the orc but do no damage. The orc hits you but does no damage.
You hit the orc.
The orc is heavily wounded.
The orc closely misses you. x2; You furiously retaliate!
You headbutt the orc!
You kill the orc!
You now have 113 gold pieces (gained 5).
There are no items here.
Found a glowing flail.
m - 2 scrolls labelled PASAHI EHYRUVU (gained 1)
There are no items here.
Found a broad axe.
You now have 123 gold pieces (gained 10).
Ijyb the Twisted Goblin comes into view.
She is wielding a +0 dagger of electrocution and carrying a wand of iceblast (6).
There are no items here.
There are no items here.
Ijyb shouts!
A frilled lizard comes into view.
Ijyb zaps a wand.
The mass of ice explodes!
The iceblast engulfs you!
You hear an angry hiss.
Ijyb screams, "Me kill you!"
Ijyb zaps a wand.
The mass of ice explodes!
The iceblast engulfs you!
Ouch! That really hurt!
* * * LOW HITPOINT WARNING * * *
Ijyb zaps a wand.
The mass of ice explodes!
The iceblast engulfs you!
You die...

.....#... ....).... #
##.........
.#.####....#.....
.................
....g..#.........
#...)....#......
#.!.l....#......
#..##...@.......
#.....#.......... #
###.....#......
#.......##.##.
#.#<.....#.#
#........# .
##.#......#..#
#####..#......)....#
#...†..#.....#.......


You could see Ijyb and a frilled lizard.

Vanquished Creatures
  2 adders
  2 worms (D:2)
  A dart slug (D:2)
  An orc (D:3)
  A bat (D:1)
  5 endoplasms
  A goblin (D:2)
  3 hobgoblins
  A jackal (D:2)
  3 ball pythons
  5 frilled lizards (D:2)
  4 rats
29 creatures vanquished.

Vanquished Creatures (others)
  2 plants (D:1)
2 creatures vanquished.

Grand Total: 31 creatures vanquished

Notes
Turn   | Place    | Note
-------+----------+-------------------------------------------
     0 | D:1      | Aibolit the Minotaur Gladiator began the quest for the Orb.
     0 | D:1      | Reached XP level 1. HP: 18/18 MP: 0/0
   377 | D:1      | Reached XP level 2. HP: 19/25 MP: 1/1
   737 | D:2      | Reached XP level 3. HP: 24/30 MP: 2/2
  1236 | D:2      | Found a faded altar of an unknown god.
  1337 | D:3      | Reached skill level 1 in Armour
  1373 | D:3      | Noticed Ijyb
  1378 | D:3      | Killed from afar by Ijyb

Illustrated notes

Levels and vault maps discovered:
D:1:      dpeg_arrival_solitude, layout_basic, serial_forest,
          infiniplex_forest_end_3, infiniplex_forest_lined_3_way,
          infiniplex_forest_lined_corner, infiniplex_forest_clump_small,
          infiniplex_forest_clump_medium, minmay_tromino_v2
D:2:      layout_loops_cross, basic_ecumenical_altar, minmay_vboxes
D:3:      layout_rooms, nicolae_dithmenos_through_a_glass_darkly, uniq_terence,
          uniq_ijyb

Skill      XL: |  1  2  3 |
---------------+----------+-----
Long Blades    | 4 |  4.4
Dodging        | 4 |  4.0
Armour         | 1 |  1.3
Fighting       | |  2.4
Throwing       | |  2.3

Action                   || total
-------------------------++-------
Melee: Long sword        ||    65
       Headbutt          ||     9
Throw: Throwing net      ||     1
Armor: Ring mail         ||     1
       Scale mail        ||    19
Dodge: Dodged            ||    29
